 Dungeon Crawl Stone Soup version 0.31-a0-188-g5e087ee2ca (webtiles) character file.

Game seed: 10042164030819759613

240 qw the Skirmisher (level 5, -9/29 HPs)
             Began as a Deep Elf Hunter on June 22, 2023.
             Mangled by an ogre
             ... wielding a +0 giant spiked club
              (27 damage)
             ... on level 4 of the Dungeon.
             The game lasted 00:00:52 (2964 turns).

qw the Skirmisher (Deep Elf Hunter)                 Turns: 2964, Time: 00:00:52

Health: -9/29      AC:  7    Str: 10    XL:     5   Next: 80%
Magic:  7/7        EV: 11    Int: 14    God:
Gold:   225        SH:  0    Dex: 18    Spells: 4/4 levels left

rFire   . . .        Y - +1 shortbow
rCold   . . .        (shield currently unavailable)
rNeg    . . .        i - +0 ring mail
rPois   .            (no helmet)
rElec   .            (no cloak)
rCorr   .            d - +1 pair of gloves
SInv    .            (no boots)
Will    .....        (no amulet)
Stlth   +            (no ring)
HPRegen 0.24/turn    (no ring)
MPRegen 0.10/turn

%: no passive effects
@: no status effects
A: no striking features
a: no special abilities


You were on level 4 of the Dungeon.
You visited 1 branch of the dungeon, and saw 4 of its levels.

You collected 225 gold pieces.


   Skills:
 + Level 1.6 Fighting
 - Level 9.4 Ranged Weapons
 - Level 2.4 Dodging
 - Level 1.2 Stealth


You had 4 spell levels left.
You didn't know any spells.
Your spell library was empty.

Inventory:

Hand Weapons
 Y - a +1 shortbow (weapon)
Armour
 d - a +1 pair of gloves (worn)
 i - a +0 ring mail (worn)
Jewellery
 e - an amulet of magic regeneration
Scrolls
 c - a scroll of identify
Potions
 a - 2 potions of curing {unknown}
 b - a potion of experience {unknown}
 f - a potion of resistance {unknown}
 g - a potion of brilliance {unknown}
 h - a potion of might
 l - a potion of invisibility {unknown}
 m - a potion of heal wounds {unknown}

Dungeon Overview and Level Annotations

Branches:
Dungeon (4/15)
 Temple: D:4-7

Altars:


Message History

Enter note: You shoot an arrow.
The arrow hits the ball python.
You kill the ball python!
You now have 217 gold pieces (gained 11).
You now have 225 gold pieces (gained 8).
Things that are here:
a +0 dagger; a goblin corpse
Found an escape hatch in the floor.
Enter note:
e - an amulet of magic regeneration
Enter note:
Found an escape hatch in the ceiling.
Enter note: A ball python comes into view.
The ball python hisses angrily.
Enter note: You shoot an arrow.
The arrow hits the ball python.
You kill the ball python!
a - 2 brown potions (gained 1)
An ogre comes into view. It is wielding a +0 giant spiked club.
Enter note: You shoot an arrow.
The arrow hits the ogre.
The ogre shouts!
The ogre is lightly wounded.
You shoot an arrow. The arrow hits the ogre.
The ogre is lightly wounded.
You shoot an arrow. The arrow hits the ogre.
The ogre is moderately wounded.
The ogre misses you.
You shoot an arrow. The arrow hits the ogre.
The ogre is moderately wounded.
The ogre barely misses you.
You shoot an arrow. The arrow barely misses the ogre.
You shoot an arrow. The arrow barely misses the ogre.
The ogre hits you with a +0 giant spiked club!
You shoot an arrow. The arrow hits the ogre.
The ogre is heavily wounded.
The ogre hits you with a +0 giant spiked club!!
Ouch! That really hurt!
You die...

.# #.#
#.#
######.#
#.@.##.#
#O#.##.#
#.#.##.#
#.
..#....#
#.
#######.#
##.##
..#....#
...#
#.#<.###
####..#
#.#..#
#.....#
#....#


You could see an ogre.

Vanquished Creatures
  An ogre (D:4)
  A gnoll (D:1)
  7 adders
  A worm (D:3)
  A dart slug (D:3)
  An orc (D:3)
  6 ball pythons
  8 bats
  10 endoplasms
  2 giant cockroaches
  5 hobgoblins
  5 jackals
  3 quokkas
  4 frilled lizards
  6 goblins
  8 kobolds
  2 rats (D:3)
71 creatures vanquished.

Notes
Turn   | Place    | Note
-------+----------+-------------------------------------------
     0 | D:1      | qw the Deep Elf Hunter began the quest for the Orb.
     0 | D:1      | Reached XP level 1. HP: 12/12 MP: 3/3
     0 | D:1      | 0 ||| qw: Version: 0.3-a-9-g12657ce
     0 | D:1      | 0 ||| qw: Game counter: 2953
     0 | D:1      | 0 ||| qw: Always use a shield: true
     0 | D:1      | 0 ||| qw: God list: Okawaru
     0 | D:1      | 0 ||| qw: Allow faded altars: false
     0 | D:1      | 0 ||| qw: Do Orc after D:15 true
     0 | D:1      | 0 ||| qw: Do second Lair branch before Depths: true
     0 | D:1      | 0 ||| qw: Lair rune preference: random
     0 | D:1      | 0 ||| qw: Plans: Normal
     0 | D:1      | 0 ||| PLANNING D:1-11
   164 | D:1      | Reached XP level 2. HP: 16/16 MP: 4/4
   165 | D:1      | Reached skill level 6 in Ranged Weapons
   360 | D:1      | Reached XP level 3. HP: 20/20 MP: 5/5
   706 | D:1      | 706 ||| UPGRADING to +0 pair of gloves.
   711 | D:1      | 711 ||| READING scroll labelled YRA GODITAXOP.
   712 | D:1      | 712 ||| READING 2 scrolls labelled VIANKOLLOR.
   713 | D:1      | 713 ||| READING scroll labelled ZECZYI KEPEF.
   714 | D:1      | 714 ||| READING scroll labelled PAISUD VEWOATZ.
   717 | D:1      | 717 ||| READING scroll labelled YXIARI EMEM.
   718 | D:1      | 718 ||| DROPPING scroll of butterflies.
   719 | D:1      | 719 ||| DROPPING scroll of fog.
   843 | D:2      | Reached skill level 7 in Ranged Weapons
  1147 | D:2      | Reached XP level 4. HP: 25/25 MP: 6/6
  1356 | D:2      | Found a faded altar of an unknown god.
  1604 | D:2      | 1604 ||| UPGRADING to +0 ring mail.
  1614 | D:2      | 1614 ||| DROPPING +0 leather armour.
  1615 | D:2      | 1615 ||| READING 3 scrolls labelled IQIUSAU NUXEHE.
  1616 | D:2      | 1616 ||| READING 2 scrolls labelled UGEQAI GEGGI.
  1617 | D:2      | 1617 ||| READING scroll of enchant armour.
  1617 | D:2      | 1617 ||| ENCHANTING +0 pair of gloves.
  1618 | D:2      | 1618 ||| DROPPING 2 scrolls of vulnerability.
  2134 | D:3      | Reached skill level 8 in Ranged Weapons
  2348 | D:3      | Reached XP level 5. HP: 29/29 MP: 7/7
  2669 | D:3      | 2669 ||| READING scroll labelled TOR HUPUIGHUMA.
  2670 | D:3      | 2670 ||| DRINKING 2 lumpy brown potions.
  2743 | D:4      | Noticed an ogre
  2752 | D:4      | Killed an ogre
  2753 | D:4      | Reached skill level 9 in Ranged Weapons
  2957 | D:4      | Noticed an ogre
  2964 | D:4      | Mangled by an ogre

Levels and vault maps discovered:
D:1:      elethiomel_arrival_maze, layout_loops_ring, chequers_decorated_corner
D:2:      layout_loops_corners, nicolae_ecumenical_oubliette,
          grunt_ministairs_11
D:3:      layout_basic
D:4:      layout_loops_ring, nrook_loot_triangle

Skill      XL: |  1  2  3  4  5 |
---------------+----------------+-----
Ranged Weapons | 6 7 8 9 |  9.4
Fighting       | |  1.6
Dodging        | |  2.4
Stealth        | |  1.2

Action                     |  1- 3 |  4- 6 || total
---------------------------+-------+-------++-------
   Fire: Shortbow          |    84 |    95 ||   179
    Use: Scroll            |     5 |     4 ||     9
         Potion            |       |     1 ||     1
 Armour: Leather armour    |    10 |     3 ||    13
         Ring mail         |       |     7 ||     7
  Dodge: Dodged            |    20 |    25 ||    45

Table legend:
 A = Non-vault XP
 B = Vault XP
 C = Vault XP percentage of total XP
 D = Non-vault monster count
 E = Vault monster count
 F = Vault count percentage of total count
                 A         B        C        D         E       F
            +---------+---------+-------+---------+---------+-------
      Total |     341 |       3 |   0.9 |      69 |       2 |   2.8
            +---------+---------+-------+---------+---------+-------
        D:1 |      53 |       0 |   0.0 |      24 |       0 |   0.0
        D:2 |      68 |       3 |   4.2 |      19 |       2 |   9.5
        D:3 |      76 |       0 |   0.0 |      20 |       0 |   0.0
        D:4 |     144 |       0 |   0.0 |       6 |       0 |   0.0
            +---------+---------+-------+---------+---------+-------
